 Dungeon Crawl Stone Soup version 0.17.1-3-g152610e (webtiles) character file.

686 Peloso the Shield-Bearer (level 7, -1/61 HPs)
             Began as a Minotaur Fighter on Mar 6, 2016.
             Slain by an iguana (11 damage)
             ... on level 3 of the Dungeon.
             The game lasted 00:11:00 (4100 turns).

Peloso the Shield-Bearer (Minotaur Fighter)         Turns: 4100, Time: 00:11:00

Health: -1/61      AC:  7    Str: 20    XL:     7   Next: 35%
Magic:  6/6        EV:  4    Int:  5    God:
Gold:   169        SH: 10    Dex: 12    Spells: 0 memorised, 6 levels left

rFire  . . .     SeeInvis .     a - +0 long sword
rCold  . . .     Clarity  +     b - +0 scale mail
rNeg   . . .     SustAt   .     c - +0 shield
rPois  .         Gourm    .     (helmet restricted)
rElec  .         Spirit   .     (no cloak)
rCorr  .         Warding  .     (no gloves)
rMut   .         Stasis   .     (no boots)
MR     .....                    p - amulet of clarity
Stlth  ..........               (no ring)
                                (no ring)

@: not resistant to hostile enchantments, extremely unstealthy
A: retaliatory headbutt, horns 2
a: no special abilities


You were on level 3 of the Dungeon.
You were not hungry.

You visited 1 branch of the dungeon, and saw 4 of its levels.

You collected 169 gold pieces.

Inventory:

Hand Weapons
 a - a +0 long sword (weapon)
 l - a +4 club
Armour
 b - a +0 scale mail (worn)
 c - a +0 shield (worn)
Jewellery
 p - an amulet of clarity (around neck)
Scrolls
 g - a scroll of remove curse {unknown}
 h - a scroll of noise {unknown}
 i - a scroll of amnesia {unknown}
 r - a scroll of teleportation {unknown}
 u - 2 scrolls of immolation {unknown}
Potions
 f - a potion of agility {unknown}
 j - 2 potions of cancellation
 k - 2 potions of brilliance
 m - a potion of lignification {unknown}
 n - a potion of invisibility {unknown}
 o - a potion of haste
 q - a potion of flight {unknown}
 s - a potion of curing {unknown}
 t - a potion of poison {unknown}
Comestibles
 e - 2 bread rations
 v - a meat ration
 w - 5 fruits


   Skills:
 + Level 5.2 Fighting
 + Level 5.1 Long Blades
 + Level 5.2 Armour
 + Level 3.7 Dodging
 + Level 0.3 Stealth
 + Level 6.0 Shields


You had 6 spell levels left.
You didn't know any spells.

Dungeon Overview and Level Annotations

Branches:
Dungeon (4/15)
 Temple: D:4-7

Altars:
Elyvilon
Fedhas
The Shining One

Annotations:
D:3 exclusion: oklob plant


Innate Abilities, Weirdness & Mutations

You reflexively headbutt those who attack you in melee.
You have a pair of horns on your head.


Message History

The iguana is severely wounded.
The iguana barely misses you. The iguana bites you.
* * * LOW HITPOINT WARNING * * *
Drink which item? (? for menu, Esc to quit)
Okay, then.
You feel sick.
Found 17 gold pieces.
There is an escape hatch in the ceiling here.
You feel sick. You block the iguana's attack.
A mysterious force pulls you upwards. The hatch slams shut behind you.
Level annotation: exclusion: oklob plant You feel sick.
You feel sick.
You feel sick.
You feel sick.
You feel sick.
You are no longer poisoned.
There is a stone staircase leading up here.
The iguana bites you!
You die...

############
#.....#.....
############.###.#.###.
#................#.# #.
##.#########.#####.# #.
#.#######.........# #.
#.#...l.#.#.####### #.
#.#..@#.#.#.# #.
##.#####.#.#.# #.
#......#.#.#.# #.
######.#.#.#)#########.
#.#.#.#.#.........
#.#.#.#.#........>
#.#.#.#...........
#.#.#.###.........
#.#.#.# #.........


You could see an iguana.

Vanquished Creatures
  Grinder (D:3)
  Sigmund (D:3)
  The ghost of chimenez the Slasher, a weakling DsFi (D:3)
  Ijyb (D:2)
  An orc wizard (D:3)
  Jessica (D:2)
  A worker ant (D:4)
  4 gnolls (D:3)
  Robin (D:2)
  7 adders
  2 oozes (D:1)
  2 worms (D:3)
  7 orcs (D:3)
  4 bats
  10 hobgoblins
  3 kobolds
  A quokka (D:2)
  3 giant cockroaches
  A giant gecko (D:1)
  3 giant newts
  10 goblins
  8 rats
73 creatures vanquished.

Vanquished Creatures (others)
  A giant gecko (D:2)
  A rat (D:2)
  14 toadstools (D:3)
16 creatures vanquished.

Grand Total: 89 creatures vanquished

Notes
Turn   | Place    | Note
--------------------------------------------------------------
     0 | D:1      | Peloso the Minotaur Fighter began the quest for the Orb.
     0 | D:1      | Reached XP level 1. HP: 19/19 MP: 0/0
   354 | D:1      | Reached XP level 2. HP: 27/27 MP: 1/1
   505 | D:1      | Reached skill level 4 in Shields
  1227 | D:2      | Reached XP level 3. HP: 25/33 MP: 2/2
  1237 | D:2      | Noticed Jessica
  1244 | D:2      | Killed Jessica
  1269 | D:2      | Noticed Ijyb
  1515 | D:2      | Killed Ijyb
  1515 | D:2      | Reached skill level 1 in Dodging
  1515 | D:2      | Reached XP level 4. HP: 31/40 MP: 3/3
  1530 | D:2      | Found a white marble altar of Elyvilon.
  1672 | D:2      | Noticed Robin
  1684 | D:2      | Killed Robin
  2065 | D:3      | Reached XP level 5. HP: 36/47 MP: 4/4
  2137 | D:3      | Noticed chimenez's ghost (weakling DsFi)
  2546 | D:3      | Killed chimenez's ghost
  2546 | D:3      | Reached skill level 5 in Shields
  2772 | D:3      | Found a glowing golden altar of the Shining One.
  2903 | D:3      | Found a blossoming altar of Fedhas.
  2924 | D:3      | Noticed an oklob plant
  2958 | D:3      | Reached XP level 6. HP: 42/53 MP: 5/5
  3019 | D:3      | Noticed Sigmund
  3028 | D:3      | Killed Sigmund
  3028 | D:3      | Reached skill level 5 in Armour
  3199 | D:3      | Noticed Grinder
  3588 | D:3      | Killed Grinder
  3588 | D:3      | Reached skill level 5 in Fighting
  3588 | D:3      | Reached skill level 5 in Long Blades
  3588 | D:3      | Reached XP level 7. HP: 52/61 MP: 6/6
  4039 | D:4      | Reached skill level 6 in Shields
  4049 | D:3      | HP: 3/61 [poisoned by a worker ant]
  4056 | D:3      | HP: 3/61 [poisoned by a worker ant]
  4064 | D:3      | HP: 2/61 [poisoned by a worker ant]
  4100 | D:3      | Slain by an iguana

Action                   |  1- 3 |  4- 6 |  7- 9 || total
-------------------------+-------+-------+-------++-------
Melee: Long sword        |    72 |   117 |    26 ||   215
  Use: Scroll            |       |     2 |       ||     2
       Potion            |       |     1 |       ||     1
  Eat: Chunk             |     2 |     5 |     2 ||     9
       Pizza             |       |     1 |       ||     1
